Map: Lost and Found LE

Players

TIME (Oliveira) - Winner!

  • Race: Terran Terran
  • Spawn Location: 7:00

Has

  • Race: Protoss Protoss
  • Spawn Location: 1:00

Event: WCS Montreal 2018

VOD

Have the link to the VOD?

Description

Time

  • Played on: Sept. 8, 2018, 1:27 p.m.
  • Length: 6:04

All games in this series

Show
View Real Time Build Order
Export as new Build Order

TIME Terran - Winner!

Build Orders:  

Get SALT Encoding   

  12  0:00  SCV  
  13  0:12  SCV  
  14  0:18  Supply Depot  
  14  0:25  SCV  
  15  0:39  SCV  
  15  0:41  Barracks  
  16  0:43  Refinery  
  16  0:51  SCV  
  17  1:03  SCV  
  18  1:29  Marine, Orbital Command  
  18  1:31  Bunker  
  19  1:35  Supply Depot  
  19  1:47  Marine  
  18  2:00  Factory  
  18  2:04  Marine  
  19  2:14  SCV  
  20  2:22  Marine  
  20  2:26  SCV  
  21  2:38  SCV  
  21  2:39  Supply Depot  
  22  2:50  SCV, Barracks  
  23  2:59  Barracks  
  23  3:00  Cyclone  
  26  3:06  SCV  
  27  3:19  SCV  
  28  3:21  Supply Depot  
  28  3:31  SCV  
  28  3:34  Hellion, Starport  
  32  3:51  Barracks Tech Lab  
  32  3:52  Command Center  
  32  3:54  SCV  
  32  4:00  Refinery  
  34  4:02  Hellion  
  34  4:11  Supply Depot  
  34  4:14  Medivac  
  36  4:19  SCV  
  38  4:25  Bunker  
  37  4:31  Marine  
  37  4:33  SCV  
  39  4:41  Marine, Siege Tank  
  43  4:49  Marine  
  43  4:52  SCV  
  45  4:59  Marine  
  46  5:03  Orbital Command  
  46  5:07  Marine  
  46  5:11  Viking  
  49  5:16  SCV  
  49  5:17  Marine  
  51  5:26  Marine  
  52  5:31  SCV  
  52  5:33  SCV  
  52  5:39  Marine  
  52  5:43  SCV  
  52  5:44  Marine  
  52  5:45  SCV  
Show
View Real Time Build Order
Export as new Build Order

Has Protoss 

Build Orders:  

Get SALT Encoding   

  12  0:00  Probe  
  13  0:13  Probe  
  14  0:17  Pylon  
  14  0:24  Probe  
  15  0:32  Probe  
  15  0:39  Forge  
  15  0:40  Probe  
  17  0:51  Probe  
  18  1:00  Pylon  
  18  1:05  Pylon  
  18  1:18  Photon Cannon  
  18  1:21  Photon Cannon  
  18  1:28  Pylon  
  18  1:36  Pylon  
  18  1:42  Probe  
  18  1:56  Gateway  
  18  2:01  Photon Cannon  
  18  2:05  Photon Cannon  
  17  2:15  Photon Cannon  
  17  2:23  Photon Cannon  
  17  2:29  Probe  
  18  2:37  Probe  
  18  2:41  Assimilator  
  18  2:43  Assimilator  
  18  2:45  Probe  
  19  2:52  Cybernetics Core  
  19  2:57  Probe  
  20  3:00  Gateway  
  20  3:05  Probe  
  21  3:13  Probe  
  21  3:15  Pylon  
  22  3:23  Pylon  
  23  3:32  Stalker  
  25  3:44  Shield Battery  
  25  3:46  Pylon  
  24  3:53  Stalker x2  
  28  4:11  Stargate  
  28  4:13  Probe  
  29  4:28  Stalker  
  31  4:39  Stalker  
  33  5:02  Oracle  
  33  5:03  Nexus  
  36  5:14  Probe  
  37  5:26  Probe  
  35  5:38  Probe  
  18  5:50  Probe  
Tags
 
Add a new tag
Caveats
  • Supply blocks, unpowered buildings, or Contaminate may cause inaccurate times.
  • Supply counts are checked every 10 seconds.